 Dungeon Crawl Stone Soup version 0.28.0 (webtiles) character file.

Game seed: 7610822025530832883

31 AmazingTV the Skirmisher (level 3, 0/33 HPs)
             Began as a Minotaur Fighter on July 14, 2022.
             Succumbed to an adder's poison
             ... on level 2 of the Dungeon.
             The game lasted 00:02:41 (1428 turns).

AmazingTV the Skirmisher (Minotaur Fighter)         Turns: 1428, Time: 00:02:42

Health: 0/33       AC:  9    Str: 22    XL:     3   Next: 7%
Magic:  2/2        EV:  9    Int:  5    God:
Gold:   165        SH:  4    Dex:  9    Spells: 2/2 levels left

rFire   . . .      SeeInvis .   a - +0 flail {mace}
rCold   . . .      Faith    .   c - +0 buckler
rNeg    . . .      Spirit   .   b - +0 scale mail
rPois   .          Reflect  .   (helmet restricted)
rElec   .          Harm     .   (no cloak)
rCorr   .          Rampage  .   f - +0 pair of gloves
Will    .....                   i - +0 pair of boots
Stlth   ..........              (no amulet)
HPRegen 0.11/turn               (no ring)
MPRegen 0.08/turn               (no ring)

@: lethally poisoned (0 -> -3)
A: horns 2, retaliatory headbutt
a: no special abilities


You were on level 2 of the Dungeon.
You visited 1 branch of the dungeon, and saw 2 of its levels.

You collected 165 gold pieces.


Innate Abilities, Weirdness & Mutations

You have a pair of horns on your head.
You reflexively headbutt those who attack you in melee.


   Skills:
 + Level 4.0 Fighting
 + Level 2.9 Maces & Flails
 + Level 1.1 Slings
 + Level 4.0 Armour
 + Level 3.9 Shields


You had 2 spell levels left.
You didn't know any spells.
Your spell library contained the following spells:

 Spells                   Type           Power      Damage    Failure   Level
 Animate Skeleton         Necr           0%         N/A       87%         1
 Pain                     Necr           0%         1d4       87%         1
 Vampiric Draining        Necr           0%         2d6       99%         3

Inventory:

Hand Weapons
 a - a +0 flail (weapon) {mace}
 j - a +1 dagger of freezing {short}
   (You took it off a kobold on level 1 of the Dungeon)
Missiles
 e - 14 arrows
 k - 21 stones (quivered)
 m - 5 poisoned darts
Armour
 b - a +0 scale mail (worn)
 c - a +0 buckler (worn)
 f - a +0 pair of gloves (worn)
   (You found it on level 1 of the Dungeon)
 i - a +0 pair of boots (worn)
   (You found it on level 1 of the Dungeon)
Scrolls
 h - a scroll of immolation {unknown}
 l - a scroll of fear {unknown}
Potions
 d - a potion of might
 g - a potion of brilliance {unknown}
 n - a potion of mutation {unknown}

Dungeon Overview and Level Annotations

Branches:
Dungeon (2/15)

Altars:

Shops:
D:1

( ###### ...
#....####.#
#.........#
#........##
#........#
#........###
#########'##....'..
#......##.##....###
##@###.##.##....###
#S# #.#..#........
#.# #.#.##.#.#####
#.# #.#...........
#.. #.####.#.#####
### #........#####
######.#>.....
#....#.#.###.#
#....#.#.# #.#


You could see an adder.


Message History

😕 HP[-3]
You take 3 damage, and now have 30/33 hp.
You barely miss the orc. You block the orc's attack. x2
You closely miss the orc. The orc barely misses you. You furiously retaliate!
You headbutt the orc. You sock the orc!
You kill the orc!
Your Armour skill increases to level 4!
No target in view!
Found an escape hatch in the ceiling. 😎 HP[+3]
Your hp is fully restored (33).
No target in view!
No target in view!
m - 5 poisoned darts
n - a fuming black potion
Found a stone staircase leading down.
There is a stone staircase leading down here.
Found a stone staircase leading up.
You open the door.
There is an open door here.
You open the door.
There is an open door here.
An adder comes into view.
The adder hisses angrily.
The adder completely misses you.
You sock the adder! Your headbutt misses the adder.
The adder bites you but does no damage. The adder bites you. 😕 HP[-1]
You take 1 damage, and now have 32/33 hp.
You hit the adder but do no damage. Your headbutt misses the adder.
The adder bites you but does no damage.
You miss the adder. The adder bites you.
You are poisoned.
The adder poisons you! The adder barely misses you. 😕 HP[-1]
You take 1 damage, and now have 31/33 hp.
You miss the adder.
You headbutt the adder, but do no damage.
You feel sick. The adder bites you.
You are more poisoned.
The adder poisons you! The adder bites you. 😕 HP[-5]
You take 5 damage, and now have 26/33 hp.
You closely miss the adder.
You feel very sick.
The adder bites you but does no damage. 😮 HP[-3]
You take 3 damage, and now have 23/33 hp.
You are too injured to fight recklessly!
You are too injured to fight recklessly!
You are too injured to fight recklessly!
You closely miss the adder.
You feel sick. The adder closely misses you.
You block the adder's attack. 😮 HP[-2]
You take 2 damage, and now have 21/33 hp.
You closely miss the adder.
You feel sick. The adder bites you.
You are more poisoned.
The adder poisons you! The adder barely misses you. 😮 HP[-3]
You take 3 damage, and now have 18/33 hp.
You miss the adder.
You feel sick.
The adder bites you but does no damage. 😨 HP[-2]
You take 2 damage, and now have 16/33 hp.
You barely miss the adder.
You feel sick. The adder bites you.
* * * LOW HITPOINT WARNING * * *
You are more poisoned.
The adder poisons you!
The adder bites you but does no damage. 😨 HP[-2]
You take 2 damage, and now have 14/33 hp.
You miss the adder.
You feel very sick. The adder bites you.
* * * LOW HITPOINT WARNING * * *
You are lethally poisoned!
The adder poisons you!
The adder completely misses you. 😨 HP[-5]
You take 5 damage, and now have 9/33 hp.
You barely miss the adder.
* * * LOW HITPOINT WARNING * * *
You feel sick. The adder barely misses you. 😱 HP[-2]
You take 2 damage, and now have 7/33 hp.
You closely miss the adder. Your headbutt misses the adder.
* * * LOW HITPOINT WARNING * * *
You feel sick. You block the adder's attack. The adder bites you.
* * * LOW HITPOINT WARNING * * *
😱 HP[-3]
You take 3 damage, and now have 4/33 hp.
You barely miss the adder. Your headbutt misses the adder.
* * * LOW HITPOINT WARNING * * *
You feel sick. The adder bites you but does no damage.
The adder closely misses you. 😱 HP[-2]
You take 2 damage, and now have 2/33 hp.
You miss the adder.
* * * LOW HITPOINT WARNING * * *
You feel sick. The adder bites you but does no damage.
You closely miss the adder.
You die...

Skill      XL: |  1  2  3 |
---------------+----------+-----
Slings         | 1 |  1.1
Fighting       | 4 |  4.0
Armour         | 4 |  4.0
Maces & Flails | |  2.9
Shields        | |  3.9

Action                   || total
-------------------------++-------
Melee: Flail             ||    77
       Headbutt          ||     8
Armor: Scale mail        ||    38
Dodge: Dodged            ||    28
Block: Buckler           ||    20

Levels and vault maps discovered:
D:1:      dpeg_arrival_windows_large_door, layout_basic,
          shapermc_ecumenical_altar_hornbeckon, serial_shops,
          nicolae_shop_bloodbath_and_beyond, st_stairs_14,
          minmay_gold_behind_fungi, minmay_misc_feat_doors,
          corexii_corridor_pit, hangedman_feature_mirror, chequers_jeans,
          minivault_19, patterned_corridor
D:2:      layout_basic, serial_park_tiny_2

Notes
Turn   | Place    | Note
-------+----------+-------------------------------------------
     0 | D:1      | AmazingTV the Minotaur Fighter began the quest for the Orb.
     0 | D:1      | Reached XP level 1. HP: 19/19 MP: 0/0
     0 | D:1      | magus.rc [v1.9.6]
   149 | D:1      | Reached XP level 2. HP: 13/27 MP: 1/1
   351 | D:1      | Found a faded altar of an unknown god.
   353 | D:1      | You pick up a book of Necromancy and begin reading...
   353 | D:1      | You add the spells Pain, Animate Skeleton and Vampiric
                  | Draining to your library.
   688 | D:1      | Found Raciru Biva's Weapon Emporium.
   801 | D:1      | Reached skill level 1 in Slings
  1276 | D:2      | Reached skill level 4 in Fighting
  1283 | D:2      | Reached XP level 3. HP: 33/33 MP: 2/2
  1311 | D:2      | Reached skill level 4 in Armour
  1424 | D:2      | HP: 7/33 [poisoned by an adder]
  1426 | D:2      | HP: 2/33 [poisoned by an adder]
  1428 | D:2      | Succumbed to an adder's poison

Vanquished Creatures
  An orc (D:2)
  3 ball pythons (D:1)
  A giant cockroach (D:1)
  4 goblins
  3 hobgoblins (D:1)
  4 kobolds (D:1)
  3 quokkas (D:1)
  3 bats
  A frilled lizard (D:1)
  2 rats (D:1)
25 creatures vanquished.

Vanquished Creatures (others)
  5 toadstools (D:1)
5 creatures vanquished.

Grand Total: 30 creatures vanquished

Table legend:
 A = Non-vault XP
 B = Vault XP
 C = Vault XP percentage of total XP
 D = Non-vault monster count
 E = Vault monster count
 F = Vault count percentage of total count
                 A         B        C        D         E       F
            +---------+---------+-------+---------+---------+-------
      Total |      31 |      14 |  31.1 |      18 |       7 |  28.0
            +---------+---------+-------+---------+---------+-------
        D:1 |      23 |      14 |  37.8 |      14 |       7 |  33.3
        D:2 |       8 |       0 |   0.0 |       4 |       0 |   0.0
            +---------+---------+-------+---------+---------+-------

Illustrated notes

Table legend:
 A = Kills in this place as a percentage of kills in entire the game.
 B = Kills by you in this place as a percentage of kills by you in the entire game.
 C = Kills by friends in this place as a percentage of kills by friends in the entire game.
 D = Other kills in this place as a percentage of other kills in the entire game.
 E = Experience gained in this place as a percentage of experience gained in the entire game.
 F = Experience gained in this place divided by the number of levels of this place that you have seen.
                   A       B       C       D       E      F
               +-------+-------+-------+-------+-------+----------------------
         Total | 100.0 | 100.0 |   N/A |   N/A | 100.0 |  22.5
       Dungeon | 100.0 | 100.0 |   N/A |   N/A | 100.0 |  22.5
               +-------+-------+-------+-------+-------+----------------------

Table legend: (Time is in decaauts)
 A = Elapsed time spent in this place.
 B = Non-inter-level travel time spent in this place.
 C = Inter-level travel time spent in this place.
 D = Time resting spent in this place.
 E = Time spent auto-exploring this place.
 F = Levels seen in this place.
 G = Mean time per level.
                   A        B        C        D        E       F      G
               +--------+--------+--------+--------+--------+-----+--------+
         Total |   1457 |   1457 |      0 |    236 |   1031 |   2 |  728.5 |
       Dungeon |   1457 |   1457 |      0 |    236 |   1031 |   2 |  728.5 |
               +--------+--------+--------+--------+--------+-----+--------+

Top non-repeatable levels by time:
     D:1: 1291 daAuts
     D:2: 165 daAuts
